Map: Romanticide LE

Players

Reynor

  • Race: Zerg Zerg
  • Spawn Location: 5:00

Dark - Winner!

  • Race: Zerg Zerg
  • Spawn Location: 11:00

Event: IEM Katowice 2021

VOD

Have the link to the VOD?

Description

Time

  • Played on: Feb. 27, 2021, 8:35 a.m.
  • Length: 11:36

All games in this series

Show
View Real Time Build Order
Export as new Build Order

Reynor Zerg 

Build Orders: Hatch First 

Get SALT Encoding   

  12  0:00  Drone  
  13  0:12  Overlord  
  13  0:16  Drone  
  14  0:30  Drone x2  
  16  0:48  Hatchery  
  15  0:50  Drone  
  15  0:54  Drone  
  18  0:57  Drone  
  18  1:08  Extractor  
  17  1:12  Spawning Pool  
  17  1:15  Drone  
  17  1:18  Drone  
  18  1:27  Drone  
  19  1:38  Drone  
  20  1:49  Drone  
  21  1:59  Overlord, Queen x2  
  21  2:00  Zergling x2  
  26  2:08  Metabolic Boost  
  26  2:10  Drone x2  
  28  2:21  Drone x2  
  30  2:32  Hatchery  
  30  2:35  Drone  
  30  2:38  Drone  
  31  2:44  Drone  
  31  2:49  Overlord  
  32  2:53  Baneling Nest, Drone  
  32  2:57  Drone  
  33  3:05  Zergling x4  
  35  3:08  Drone x3  
  39  3:12  Zergling x2  
  39  3:17  Evolution Chamber, Overlord  
  39  3:19  Drone  
  39  3:20  Drone  
  39  3:23  Zergling x2  
  41  3:28  Drone  
  41  3:30  Queen  
  44  3:36  Drone  
  44  3:41  Drone x3  
  44  3:44  Zerg Missile Weapons Level 1  
  44  3:45  Drone x2  
  44  3:48  Drone  
  50  3:50  Zergling x2  
  50  3:51  Zergling x2  
  50  3:54  Drone  
  53  3:55  Overlord  
  53  3:58  Drone  
  54  4:03  Drone  
  54  4:06  Drone  
  54  4:08  Overlord  
  54  4:09  Drone  
  57  4:14  Drone  
  57  4:15  Drone x2  
  57  4:16  Drone  
  61  4:19  Lair  
  61  4:21  Roach Warren  
  61  4:22  Drone  
  61  4:23  Drone  
  62  4:26  Extractor  
  62  4:27  Extractor, Drone  
  62  4:28  Drone  
  62  4:34  Drone  
  63  4:38  Drone  
  63  4:39  Drone  
  63  4:41  Drone  
  63  4:42  Overlord, Drone  
  63  4:43  Drone  
  68  4:47  Drone  
  68  4:48  Drone x2  
  68  4:50  Drone  
  68  4:52  Drone x2  
  74  4:54  Extractor  
  74  4:57  Drone  
  74  4:58  Overlord x2  
  73  5:01  Drone x2  
  73  5:05  Extractor  
  74  5:07  Extractor  
  74  5:08  Drone  
  74  5:14  Overlord  
  74  5:15  Drone x3  
  77  5:24  Hatchery, Spire  
  77  5:25  Glial Reconstitution  
  77  5:28  Overlord  
  75  5:31  Drone x2  
  77  5:37  Overseer  
  77  5:38  Zergling x18  
  77  5:40  Overlord  
  86  5:50  Overlord  
  86  5:56  Overlord  
  85  6:08  Overlord  
  85  6:14  Overlord  
  85  6:16  Queen x2  
  89  6:21  Drone, Spore Crawler  
  89  6:22  Overlord  
  89  6:37  Overlord  
  89  6:38  Corruptor x4  
  89  6:39  Corruptor x7  
  111  6:46  Roach x5  
  120  6:49  Drone  
  120  6:51  Spine Crawler, Corruptor  
  122  6:56  Roach x2  
  122  6:59  Overlord  
  122  7:00  Corruptor  
  128  7:03  Roach x2  
  132  7:12  Roach x6  
  139  7:21  Roach x3  
  139  7:22  Roach  
  131  7:25  Roach x2  
  132  7:33  Corruptor  
  134  7:37  Corruptor  
  134  7:39  Drone x2  
  134  7:41  Overlord  
  138  7:45  Corruptor  
  138  7:50  Roach x3  
  146  7:58  Corruptor  
  138  8:08  Corruptor x2  
  134  8:14  Roach x5  
  134  8:15  Queen x2  
  140  8:23  Corruptor  
  130  8:31  Infestation Pit, Spore Crawler  
  130  8:33  Corruptor  
  122  8:38  Drone x3  
  122  8:39  Spore Crawler  
  122  8:40  Spore Crawler  
  122  8:41  Queen  
  123  8:43  Spore Crawler  
  123  8:44  Corruptor  
  124  8:54  Drone  
  124  8:55  Corruptor x2  
  127  8:56  Spore Crawler  
  128  9:03  Drone  
  128  9:06  Spore Crawler x2  
  128  9:07  Hive  
  125  9:21  Corruptor  
  125  9:22  Hatchery, Corruptor x2  
  130  9:32  Roach x5  
  130  9:36  Overlord  
  140  9:41  Drone, Spore Crawler  
  140  9:43  Roach x2  
  144  9:46  Overlord  
  144  9:50  Spore Crawler  
  143  9:56  Drone  
  143  9:59  Spore Crawler  
  136  10:22  Spore Crawler  
  136  10:24  Viper x3, Drone x4  
  136  10:25  Viper  
  136  10:27  Queen  
  146  10:31  Roach x6  
  146  10:32  Overlord x2  
  156  10:40  Corruptor  
  154  10:47  Roach x5  
  146  10:50  Queen  
  124  11:02  Corruptor x2  
  128  11:07  Roach x3  
Show
View Real Time Build Order
Export as new Build Order

Dark Zerg - Winner!

Build Orders: Hatch First 

Get SALT Encoding   

  12  0:00  Drone  
  13  0:12  Overlord  
  13  0:17  Drone  
  14  0:31  Drone x2  
  16  0:48  Hatchery  
  15  0:51  Drone  
  15  0:55  Drone  
  17  0:58  Drone  
  18  1:09  Extractor  
  17  1:14  Spawning Pool  
  17  1:16  Drone  
  17  1:20  Drone  
  18  1:29  Drone  
  19  1:40  Drone  
  20  1:50  Drone  
  21  2:01  Queen x2  
  21  2:02  Drone  
  21  2:05  Drone  
  27  2:12  Overlord  
  27  2:13  Drone  
  27  2:14  Metabolic Boost  
  28  2:31  Zergling x2, Drone  
  28  2:34  Drone x2  
  32  2:38  Hatchery  
  32  2:44  Queen  
  33  2:52  Baneling Nest  
  33  2:55  Overlord  
  33  2:58  Drone  
  33  3:01  Zergling x2  
  33  3:02  Drone  
  35  3:06  Drone  
  36  3:14  Zergling x2  
  36  3:15  Drone x4  
  41  3:20  Overlord  
  41  3:27  Drone  
  41  3:28  Drone x2  
  44  3:36  Lair  
  44  3:38  Drone x2  
  46  3:42  Drone x3  
  46  3:45  Extractor, Drone  
  46  3:48  Drone x2  
  50  3:53  Drone x3  
  54  4:01  Evolution Chamber  
  53  4:03  Drone  
  53  4:06  Roach Warren  
  53  4:08  Drone  
  53  4:09  Drone x2  
  56  4:13  Extractor  
  56  4:14  Extractor  
  53  4:18  Drone x3  
  53  4:22  Overlord x2  
  53  4:23  Zergling x2  
  57  4:28  Zerg Melee Weapons Level 1  
  57  4:38  Drone x2, Spire  
  58  4:40  Drone x3  
  58  4:42  Drone  
  58  4:43  Zergling x2  
  58  4:44  Zergling x2  
  64  4:48  Zergling x4  
  66  4:58  Drone x2  
  68  5:00  Drone x4  
  68  5:01  Drone x2  
  68  5:02  Extractor x2  
  68  5:04  Overlord  
  68  5:06  Drone  
  72  5:09  Overlord  
  72  5:16  Drone  
  73  5:21  Drone  
  73  5:23  Drone x2  
  73  5:24  Drone x3  
  73  5:27  Drone x3  
  82  5:37  Hatchery  
  81  5:43  Overlord  
  81  5:44  Overlord  
  81  5:45  Overlord  
  81  5:49  Mutalisk x4  
  88  5:54  Zerg Flyer Weapons Level 1  
  88  6:02  Mutalisk x6  
  100  6:05  Zergling x6  
  100  6:07  Baneling x2  
  103  6:11  Zergling x4  
  103  6:12  Zergling x8  
  109  6:21  Zergling x2  
  109  6:22  Zergling x8  
  114  6:29  Overlord  
  114  6:31  Hatchery  
  113  6:34  Overlord x2  
  113  6:44  Overlord  
  113  6:46  Overlord x2  
  111  6:48  Mutalisk x5  
  121  6:57  Mutalisk x2  
  122  7:04  Zerg Melee Weapons Level 2  
  122  7:07  Drone x2  
  122  7:08  Drone  
  125  7:14  Mutalisk  
  125  7:15  Mutalisk x2  
  130  7:16  Zergling x10  
  130  7:17  Zergling x2  
  130  7:21  Spore Crawler x2  
  127  7:22  Mutalisk  
  127  7:26  Zergling x2  
  127  7:29  Overlord  
  124  7:34  Mutalisk x2, Unknown  
  127  7:38  Hatchery  
  127  7:40  Zergling x2  
  127  7:41  Zergling x4  
  127  7:43  Mutalisk  
  130  7:52  Zergling x2  
  130  7:53  Zergling x4  
  130  8:07  Mutalisk x3  
  130  8:11  Zergling x6  
  132  8:15  Mutalisk x3  
  132  8:17  Zergling x10  
  136  8:24  Mutalisk  
  136  8:26  Queen  
  136  8:27  Queen x2  
  130  8:28  Zergling x4  
  130  8:33  Zerg Flyer Weapons Level 2  
  138  8:36  Mutalisk  
  140  8:41  Mutalisk  
  140  8:45  Zergling x8, Hatchery  
  140  8:48  Overlord x2  
  145  8:50  Drone  
  145  8:52  Mutalisk  
  145  8:55  Drone  
  149  8:56  Extractor  
  149  8:59  Mutalisk  
  150  9:03  Extractor  
  150  9:05  Mutalisk x2  
  150  9:07  Mutalisk  
  150  9:09  Overlord  
  155  9:16  Mutalisk  
  157  9:17  Overlord x2  
  157  9:20  Drone x3  
  160  9:25  Mutalisk x2  
  160  9:28  Zergling x4  
  166  9:32  Overlord  
  166  9:33  Mutalisk  
  166  9:34  Zergling x2  
  166  9:35  Zergling x4  
  166  9:38  Mutalisk x2  
  175  9:46  Mutalisk x2  
  175  9:51  Zergling x2  
  175  9:52  Zergling x12  
  186  9:56  Mutalisk x2  
  190  10:00  Zergling x4  
  190  10:03  Zergling x6  
  191  10:12  Mutalisk x2  
  191  10:13  Mutalisk  
  194  10:17  Zergling x2  
  194  10:18  Zergling x18  
  197  10:27  Overseer  
  196  10:30  Zergling x8  
  199  10:39  Zergling x4  
  176  10:50  Mutalisk x7  
  176  10:51  Mutalisk x2  
  176  10:55  Mutalisk  
  178  10:57  Zergling x10  
  180  11:10  Zergling x22  
  187  11:16  Zergling x10  

Tags
 
Add a new tag
Caveats
  • Supply blocks, unpowered buildings, or Contaminate may cause inaccurate times.
  • Supply counts are checked every 10 seconds.